 Dungeon Crawl Stone Soup version 0.20.0-8-g6b59dc7 (webtiles) character file.

39 Minion the Firebug (level 3, -5/26 HPs)
             Began as a Draconian Fire Elementalist on May 30, 2017.
             Killed from afar by an adder (28 damage)
             ... with an exploding inner flame
             ... hexed by the player character
             ... on level 2 of the Dungeon.
             The game lasted 00:03:41 (1261 turns).

Minion the Firebug (Draconian Fire Elementalist)    Turns: 1261, Time: 00:03:41

Health: -5/26      AC:  5    Str: 10    XL:     3   Next: 26%
Magic:  0/7        EV: 12    Int: 16    God:
Gold:   57         SH:  0    Dex: 11    Spells: 1/7 levels left

rFire    . . .     SeeInvis .   (no weapon)
rCold    . . .     Gourm    .   (no shield)
rNeg     . . .     Faith    .   (armour unavailable)
rPois    .         Spirit   .   (helmet restricted)
rElec    .         Reflect  .   (no cloak)
rCorr    .         Harm     .   (no gloves)
MR       .....                  (no boots)
Stlth    ++........             (no amulet)
Regen    0.1/turn               (no ring)
MPRegen  0.1/turn               (no ring)

@: no status effects
A: unfitting armour, cold-blooded, AC +5
a: no special abilities


You were on level 2 of the Dungeon.
You were not hungry.

You visited 1 branch of the dungeon, and saw 2 of its levels.

You collected 57 gold pieces.

Inventory:

Scrolls
 c - a scroll of remove curse {unknown}
 d - 2 scrolls of teleportation {unknown}
 e - a scroll of enchant weapon {unknown}
 g - a scroll of fear {unknown}
 h - a scroll of identify {unknown}
Books
 a - a book of Flames

   Spells                             Type                      Level
   a - Flame Tongue                   Conjuration/Fire             1
   b - Throw Flame                    Conjuration/Fire             2
   c - Conjure Flame                  Conjuration/Fire             3
   d - Inner Flame                    Hexes/Fire                   3
   e - Sticky Flame                   Conjuration/Fire             4
   f - Fireball                       Conjuration/Fire             5
Comestibles
 b - 2 bread rations
 f - 4 chunks of flesh
 i - 2 royal jellies


   Skills:
 - Level 1.7 Dodging
 - Level 1.7 Stealth
 + Level 2.9 Spellcasting
 - Level 1.0 Conjurations
 + Level 3.6 Fire Magic


You had one spell level left.
You knew the following spells:

 Your Spells              Type           Power        Failure   Level  Hunger
a - Flame Tongue          Conj/Fire      #....        8%          1    #......
b - Throw Flame           Conj/Fire      #.....       11%         2    ##.....
c - Inner Flame           Hex/Fire       #.......     26%         3    ###....


Dungeon Overview and Level Annotations

Branches:
Dungeon (2/15)

Altars:


Innate Abilities, Weirdness & Mutations

Your plain brown scales are hard. (AC +5)
You cannot fit into any form of body armour.
You are cold-blooded and may be slowed by cold attacks.


Message History

Aim: an adder (lightly wounded, inner flame)
The flame tongue hits the adder.
The adder is heavily wounded.
The adder bites you but does no damage.
Casting: Flame Tongue
Confirm with . or Enter, or press ? or * to list all spells.
Aiming: Flame Tongue
Press: ? - help, Shift-Dir - straight line, f/p - adder
Aim: an adder (heavily wounded, inner flame)
The flame tongue misses the adder.
The adder bites you.
Casting: Flame Tongue
Confirm with . or Enter, or press ? or * to list all spells.
Aiming: Flame Tongue
Press: ? - help, Shift-Dir - straight line, f/p - adder
Aim: an adder (heavily wounded, inner flame)
The flame tongue hits the adder.
The adder explodes!
The fiery explosion engulfs you!
Ouch! That really hurt!
You die...

######.######
#...# #...##.#
######.##
.......#
##......# .
#...####
#.......#$#
##### ##
#........#
##.##........#
#.#..........#
#?##.......#.#
#@##(......##..
#§##.......#
###
§#§#######.# ##
.# .# .# . .# .
.# .#


There were no monsters in sight!

Vanquished Creatures
  An adder (D:1)
  A dart slug (D:1)
  6 bats (D:1)
  3 giant cockroaches
  3 goblins
  3 hobgoblins (D:1)
  4 jackals (D:1)
  3 kobolds (D:1)
  2 rats (D:1)
26 creatures vanquished.

Notes
Turn   | Place    | Note
-------+----------+-------------------------------------------
     0 | D:1      | Minion the Draconian Fire Elementalist began the quest for the Orb.
     0 | D:1      | Reached XP level 1. HP: 14/14 MP: 3/3
   135 | D:1      | Reached XP level 2. HP: 14/20 MP: 0/5
   623 | D:1      | Reached XP level 3. HP: 6/26 MP: 1/7
  1121 | D:1      | Learned a level 2 spell: Throw Flame
  1125 | D:1      | Learned a level 3 spell: Inner Flame
  1261 | D:2      | Killed from afar by an adder

Action                   || total
-------------------------++-------
Melee: Unarmed           ||    84
       Tailslap          ||     6
 Cast: Flame Tongue      ||    37
       Inner Flame       ||     1
  Use: Potion            ||     2
 Stab: Sleeping          ||     1
  Eat: Bread ration      ||     1
Armor: Skin              ||    43
Dodge: Dodged            ||    68
